[Event "Elegant 1st Division League 2024"]
[Site "Dhaka"]
[Date "2024.07.15"]
[Round "5.3"]
[White "Dakshita Kumawat"]
[Black "Shourya Paul"]
[Result "0-1"]
[Annotator "RC"]
[ECO "C58"]
[WhiteElo "1928"]
[BlackElo "1813"]
[PlyCount "48"]
[EventDate "2024.07.10"]
[EventType "team-tourn"]
[EventCountry "BAN"]
[SourceTitle "playchess.com"]
[Source "ChessBase"]
[SourceQuality "1"]
[TimeControl "5400+30"]

1. e4 e5 2. Nf3 Nc6 3. Bc4 Nf6 4. Ng5 d5 5. exd5 Na5 6. Bb5+ c6 7. dxc6 bxc6 8. Bd3 Nd5 9. Nf3 Bd6 10. O-O O-O 11. Re1 f5 12. Nxe5 Qf6 13. Nf3 g5 14. g3 f4 15. c4 Nb4 16. Be2 g4 17. Nh4 fxg3 18. fxg3 Bxg3 19. hxg3 Qf2+ 20. Kh1 Qxg3 21. Rf1 Qxh4+ 22. Kg1 Rxf1+ 23. Qxf1 g3 24. Qg2 Bh3 0-1

[Event "Elegant 1st Division League 2024"]
[Site "Dhaka"]
[Date "2024.07.15"]
[Round "5.4"]
[White "Shankhodip De"]
[Black "Jamal Uddin"]
[Result "1-0"]
[Annotator "RC"]
[ECO "D02"]
[WhiteElo "1942"]
[BlackElo "1963"]
[PlyCount "97"]
[EventDate "2024.07.10"]
[EventType "team-tourn"]
[EventCountry "BAN"]
[SourceTitle "playchess.com"]
[Source "ChessBase"]
[SourceQuality "1"]
[TimeControl "5400+30"]

1. d4 d5 2. Nf3 c6 3. g3 Nf6 4. Bg2 Bg4 5. c4 e6 6. h3 Bxf3 7. Bxf3 Nbd7 8. O-O Be7 9. Qb3 Qb6 10. c5 Qc7 11. Bf4 Qc8 12. Qc2 O-O 13. Nc3 Re8 14. b4 Bf8 15. e4 dxe4 16. Bxe4 e5 17. Be3 Nxe4 18. Nxe4 exd4 19. Bxd4 Ne5 20. f4 Ng6 21. f5 Ne5 22. Qc3 f6 23. Ng5 h6 24. Ne6 Nf7 25. h4 Nd8 26. Rfe1 Qd7 27. Qc4 Qf7 28. Qb3 Kh8 29. Rad1 a5 30. bxa5 Rxa5 31. Nf4 Qd7 32. Bc3 Rxe1+ 33. Bxe1 Bxc5+ 34. Kh1 Qc7 35. Bxa5 Qxa5 36. Nh5 Bd4 37. Qc4 c5 38. Qd5 Qc7 39. Re1 Be5 40. Nf4 Qc6 41. Ng6+ Kh7 42. Qxc6 Nxc6 43. Nxe5 fxe5 44. Rb1 Nd4 45. Rxb7 Nxf5 46. a4 Nxg3+ 47. Kg2 Nf5 48. a5 Nd6 49. a6 1-0

[Event "Elegant 1st Division League 2024"]
[Site "Dhaka"]
[Date "2024.07.15"]
[Round "5.5"]
[White "Sajib, Das"]
[Black "Bhosale Shriraj"]
[Result "0-1"]
[Annotator "RC"]
[ECO "B15"]
[WhiteElo "1894"]
[BlackElo "2043"]
[PlyCount "72"]
[EventDate "2024.07.10"]
[EventType "team-tourn"]
[EventCountry "BAN"]
[SourceTitle "playchess.com"]
[Source "ChessBase"]
[SourceQuality "1"]
[TimeControl "5400+30"]

1. e4 c6 2. Nc3 d5 3. Nf3 dxe4 4. Nxe4 Nf6 5. Nxf6+ exf6 6. d4 Bd6 7. Be2 O-O 8. O-O Re8 9. h3 Nd7 10. Re1 Nf8 11. Bd3 Be6 12. c4 Ng6 13. Bxg6 hxg6 14. b3 Qd7 15. Bb2 Bxh3 16. Ne5 fxe5 17. gxh3 Qxh3 18. Re3 Qf5 19. c5 Bf8 20. Qe2 Re6 21. Rxe5 Rxe5 22. Qxe5 Qxe5 23. dxe5 Bxc5 24. Rd1 Bb6 25. Rd7 Rd8 26. e6 Rxd7 27. exd7 Bd8 28. Bd4 b6 29. Be5 f6 30. Bd6 Kf7 31. Kg2 g5 32. Kf3 Ke6 33. Bb8 Kxd7 34. a4 Bc7 35. Bxa7 Kc8 36. a5 Kb7 0-1

[Event "Elegant 1st Division League 2024"]
[Site "Dhaka"]
[Date "2024.07.15"]
[Round "5.7"]
[White "Kazi, Saiyf"]
[Black "abzid, Rahman"]
[Result "0-1"]
[Annotator "RC"]
[ECO "B29"]
[WhiteElo "1881"]
[BlackElo "2037"]
[PlyCount "82"]
[EventDate "2024.07.10"]
[EventType "team-tourn"]
[EventCountry "BAN"]
[SourceTitle "playchess.com"]
[Source "ChessBase"]
[SourceQuality "1"]
[TimeControl "5400+30"]

1. e4 c5 2. Nf3 Nf6 3. Nc3 d5 4. e5 Nfd7 5. Nxd5 Nxe5 6. Bb5+ Nbc6 7. Ne3 a6 8. Nxe5 axb5 9. Nxc6 bxc6 10. Qf3 Qd6 11. b3 Qf6 12. Qxf6 exf6 13. Bb2 Bd6 14. O-O O-O 15. Rfd1 Be6 16. d3 h6 17. a4 Be5 18. d4 cxd4 19. Bxd4 Bxd4 20. Rxd4 c5 21. Rdd1 bxa4 22. bxa4 Ra5 23. f4 f5 24. Ra3 Rfa8 25. Rda1 Rb8 26. g3 Rb4 27. Kf2 g6 28. Nd1 Bd7 29. Nc3 Bc6 30. Rd1 Kg7 31. Rda1 g5 32. fxg5 hxg5 33. Rd1 f6 34. Rd6 Be4 35. Nxe4 Rxe4 36. Rc3 c4 37. Ra3 Kg6 38. Rb6 Rae5 39. a5 Re2+ 40. Kf1 Re1+ 41. Kf2 R5e2+ 0-1

[Event "Elegant 1st Division League 2024"]
[Site "Dhaka"]
[Date "2024.07.15"]
[Round "5.8"]
[White "Tajane Ganesh"]
[Black "Mohammed, Shaker Ullah"]
[Result "0-1"]
[Annotator "RC"]
[ECO "C54"]
[WhiteElo "1772"]
[BlackElo "2018"]
[PlyCount "52"]
[EventDate "2024.07.10"]
[EventType "team-tourn"]
[EventCountry "BAN"]
[SourceTitle "playchess.com"]
[Source "ChessBase"]
[SourceQuality "1"]
[TimeControl "5400+30"]

1. e4 e5 2. Nf3 Nc6 3. Bc4 Bc5 4. c3 Nf6 5. d3 a6 6. Nbd2 d6 7. Bb3 Ba7 8. Nf1 h6 9. h3 Qe7 10. Ng3 Be6 11. Nh4 g6 12. Bxe6 Qxe6 13. Be3 d5 14. Bxa7 Nxa7 15. Qb3 O-O-O 16. O-O-O Rd6 17. Nf3 Rb6 18. Qa4 Rd8 19. Rhe1 Nc6 20. d4 dxe4 21. Nxe4 exd4 22. Ng3 Qd6 23. Nd2 dxc3 24. Nc4 Qf4+ 25. Kb1 Rxd1+ 26. Rxd1 Rb4 0-1

[Event "Elegant 1st Division League 2024"]
[Site "Dhaka"]
[Date "2024.07.15"]
[Round "5.10"]
[White "Uddipan Roy"]
[Black "Mahindrakar Indrajeet"]
[Result "1/2-1/2"]
[Annotator "RC"]
[ECO "B42"]
[WhiteElo "1967"]
[BlackElo "2129"]
[PlyCount "165"]
[EventDate "2024.07.10"]
[EventType "team-tourn"]
[EventCountry "BAN"]
[SourceTitle "playchess.com"]
[Source "ChessBase"]
[SourceQuality "1"]
[TimeControl "5400+30"]

1. e4 c5 2. Nf3 e6 3. d4 cxd4 4. Nxd4 a6 5. Bd3 Nf6 6. O-O Qc7 7. c4 d6 8. Nc3 g6 9. b3 Bg7 10. Bb2 O-O 11. Re1 Nc6 12. Bf1 Nd7 13. Nxc6 bxc6 14. Qd2 Re8 15. Rad1 Bf8 16. Qd4 e5 17. Qd2 Nc5 18. Ba3 Bg4 19. f3 Bc8 20. Bxc5 dxc5 21. Qc2 Be6 22. Rd3 Rad8 23. Rxd8 Rxd8 24. Rd1 h5 25. Rd3 Bh6 26. Kf2 Rd4 27. Ne2 Rd8 28. Qd1 Rf8 29. Kg1 Kh7 30. Nc3 Bg5 31. Qe2 Qa5 32. Qc2 Rd8 33. Kf2 Rd4 34. Ne2 Rxd3 35. Qxd3 Qxa2 36. g3 a5 37. h4 Bh6 38. Qc3 a4 39. bxa4 Bxc4 40. Qxe5 Qa3 41. Qc3 Qxa4 42. f4 Bxe2 43. Bxe2 Qxe4 44. Bf3 Qe7 45. Bxc6 Bg7 46. Qc4 Bd4+ 47. Kg2 Kg7 48. Bf3 Qe1 49. Qe2 Qg1+ 50. Kh3 Qc1 51. Bd5 Qb1 52. Be4 Qb3 53. Kg2 Qe6 54. Bd3 Qd5+ 55. Qf3 Qb3 56. Qe2 Qb7+ 57. Qf3 Qb2+ 58. Qe2 Qc1 59. Qf1 Qe3 60. Qe2 Qg1+ 61. Kh3 Qh1+ 62. Qh2 Qd5 63. Qe2 Bg1 64. Be4 Qd4 65. Bd3 Be3 66. Kg2 Qd5+ 67. Kh2 Qd4 68. Kg2 Bxf4 69. gxf4 Qxf4 70. Qe4 Qxe4+ 71. Bxe4 c4 72. Kf3 f6 73. Ke3 g5 74. Kd4 gxh4 75. Kxc4 Kh6 76. Kd3 Kg5 77. Ke2 Kf4 78. Bf3 Kg3 79. Bxh5 h3 80. Bf3 f5 81. Ba8 f4 82. Bb7 h2 83. Bh1 1/2-1/2

[Event "Elegant 1st Division League 2024"]
[Site "Dhaka"]
[Date "2024.07.15"]
[Round "5.11"]
[White "Majumder Shrayan"]
[Black "Abdul, Momin"]
[Result "1-0"]
[Annotator "RC"]
[ECO "E46"]
[WhiteElo "2083"]
[BlackElo "1911"]
[PlyCount "65"]
[EventDate "2024.07.10"]
[EventType "team-tourn"]
[EventCountry "BAN"]
[SourceTitle "playchess.com"]
[Source "ChessBase"]
[SourceQuality "1"]
[TimeControl "5400+30"]

1. d4 Nf6 2. c4 e6 3. Nc3 Bb4 4. Bd2 O-O 5. e3 c5 6. a3 Bxc3 7. Bxc3 Ne4 8. Rc1 b6 9. Nf3 Bb7 10. Bd3 f5 11. O-O Nxc3 12. Rxc3 Na6 13. Be2 d6 14. dxc5 Nxc5 15. b4 Ne4 16. Rd3 Qe7 17. Nd2 Rfd8 18. Nxe4 Bxe4 19. Rd2 a5 20. Bf3 axb4 21. Bxe4 fxe4 22. axb4 Rac8 23. Rd4 b5 24. cxb5 d5 25. f3 exf3 26. Qxf3 Rb8 27. Rf4 Rxb5 28. Rf7 Qxb4 29. Rxg7+ Kxg7 30. Qf6+ Kg8 31. Qxd8+ Kg7 32. Qf6+ Kg8 33. Qxe6+ 1-0

[Event "Elegant 1st Division League 2024"]
[Site "Dhaka"]
[Date "2024.07.15"]
[Round "5.12"]
[White "Md Nurul Islam, Mahin"]
[Black "Md, Azmaeen Parvez Sayor"]
[Result "0-1"]
[Annotator "RC"]
[ECO "B42"]
[WhiteElo "1833"]
[BlackElo "1969"]
[PlyCount "90"]
[EventDate "2024.07.10"]
[EventType "team-tourn"]
[EventCountry "BAN"]
[SourceTitle "playchess.com"]
[Source "ChessBase"]
[SourceQuality "1"]
[TimeControl "5400+30"]

1. e4 c5 2. Nf3 e6 3. d4 cxd4 4. Nxd4 Nf6 5. Bd3 a6 6. O-O d6 7. Nc3 Nbd7 8. Nb3 Be7 9. Be3 b5 10. a3 Bb7 11. Qe2 Ne5 12. f3 O-O 13. Rad1 Qc7 14. Qf2 Nfd7 15. Rd2 Nxd3 16. Rxd3 Ne5 17. Rdd1 Nc4 18. Bc1 Bf6 19. Rd3 Rfd8 20. Rfd1 Bc6 21. Nd2 Ne5 22. Re3 Nd7 23. Ndb1 a5 24. Re2 Nb6 25. b3 Be8 26. Be3 Rdb8 27. Na2 Be7 28. Red2 d5 29. e5 Nd7 30. f4 Nc5 31. Qf3 Ne4 32. Re2 f5 33. g4 Bg6 34. Rg2 Rf8 35. h3 Rf7 36. Qe2 Bc5 37. Kh2 Raf8 38. g5 Rd8 39. Rd3 Be7 40. h4 Rff8 41. Nbc3 Be8 42. Nxe4 fxe4 43. Rc3 Qb7 44. Bc5 Bxc5 45. Rxc5 Rxf4 0-1

[Event "Elegant 1st Division League 2024"]
[Site "Dhaka"]
[Date "2024.07.15"]
[Round "5.14"]
[White "Md, Sariatullah"]
[Black "Soumyajit Das"]
[Result "1/2-1/2"]
[Annotator "RC"]
[ECO "A88"]
[WhiteElo "2005"]
[BlackElo "1850"]
[PlyCount "42"]
[EventDate "2024.07.10"]
[EventType "team-tourn"]
[EventCountry "BAN"]
[SourceTitle "playchess.com"]
[Source "ChessBase"]
[SourceQuality "1"]
[TimeControl "5400+30"]

1. c4 f5 2. g3 Nf6 3. Bg2 g6 4. Nc3 Bg7 5. Nf3 O-O 6. O-O d6 7. d4 c6 8. Rb1 a5 9. a3 Ne4 10. Qc2 Nxc3 11. bxc3 e5 12. Rd1 Qe8 13. a4 h6 14. Ba3 e4 15. Ne1 Rf6 16. e3 Nd7 17. Qd2 Rb8 18. f3 d5 19. cxd5 cxd5 20. Bf1 Nb6 21. c4 Qxa4 1/2-1/2

[Event "Elegant 1st Division League 2024"]
[Site "Dhaka"]
[Date "2024.07.15"]
[Round "5.16"]
[White "Noshin, Anjum"]
[Black "Saparya Ghosh"]
[Result "1/2-1/2"]
[Annotator "RC"]
[ECO "B33"]
[WhiteElo "2056"]
[BlackElo "1833"]
[PlyCount "78"]
[EventDate "2024.07.10"]
[EventType "team-tourn"]
[EventCountry "BAN"]
[SourceTitle "playchess.com"]
[Source "ChessBase"]
[SourceQuality "1"]
[TimeControl "5400+30"]

1. e4 c5 2. Nf3 Nc6 3. d4 cxd4 4. Nxd4 Nf6 5. Nc3 e5 6. Ndb5 d6 7. Nd5 Nxd5 8. exd5 Nb8 9. a4 Be7 10. Be2 O-O 11. O-O a6 12. Na3 Nd7 13. Nc4 a5 14. Be3 f5 15. f3 Rb8 16. Qd2 b6 17. b4 axb4 18. Rfb1 f4 19. Bf2 e4 20. fxe4 Ba6 21. Rxb4 Bxc4 22. Rxc4 Ne5 23. Rc3 Qd7 24. Bd4 Bf6 25. Rb3 Ra8 26. Bb5 Qg4 27. Rf1 f3 28. Bxe5 Bxe5 29. Rbxf3 Rxf3 30. Rxf3 Qxe4 31. Qd3 Bd4+ 32. Kh1 Qe1+ 33. Rf1 Qe5 34. Qf5 Qxf5 35. Rxf5 Rf8 36. Rxf8+ Kxf8 37. g3 Kf7 38. Kg2 Kf6 39. Kf3 Ke5 1/2-1/2

[Event "Elegant 1st Division League 2024"]
[Site "Dhaka"]
[Date "2024.07.15"]
[Round "5.17"]
[White "Islam, Sheik   Khairul"]
[Black "Choudhury, Zahid"]
[Result "1/2-1/2"]
[Annotator "RC"]
[ECO "C54"]
[WhiteElo "1948"]
[BlackElo "1838"]
[PlyCount "99"]
[EventDate "2024.07.10"]
[EventType "team-tourn"]
[EventCountry "BAN"]
[SourceTitle "playchess.com"]
[Source "ChessBase"]
[SourceQuality "1"]
[TimeControl "5400+30"]

1. e4 e5 2. Nf3 Nc6 3. Bc4 Bc5 4. c3 Nf6 5. d3 O-O 6. O-O d5 7. exd5 Nxd5 8. h3 a6 9. a4 Nb6 10. Bb3 Bf5 11. Bc2 Qf6 12. Be3 Bd6 13. Nbd2 Nd5 14. Qe2 Rfe8 15. Ne4 Bxe4 16. dxe4 Nf4 17. Bxf4 Qxf4 18. Qd2 Qf6 19. Qg5 Qxg5 20. Nxg5 h6 21. Nf3 Ne7 22. Rfd1 Ng6 23. g3 Be7 24. Rd5 Rad8 25. Rad1 Bd6 26. Kf1 Ne7 27. R5d2 Nc6 28. Bb3 Rb8 29. Bd5 Ne7 30. Ba2 a5 31. Bc4 Rf8 32. h4 Kh8 33. Kg2 Kh7 34. h5 g6 35. Rh1 Kg7 36. g4 f5 37. exf5 gxf5 38. g5 e4 39. Nd4 hxg5 40. Ne6+ Kh6 41. Nxf8 Rxf8 42. Bd5 b6 43. Bc4 Nc6 44. Be2 Rf6 45. Rhd1 g4 46. Rh1 Rf8 47. Rhd1 Rf6 48. b3 Ne5 49. Bc4 f4 50. Rh1 1/2-1/2

[Event "Elegant 1st Division League 2024"]
[Site "Dhaka"]
[Date "2024.07.15"]
[Round "5.18"]
[White "Mirza Arifur, Rahman"]
[Black "Faisal, Hossain"]
[Result "1/2-1/2"]
[Annotator "NA RC"]
[ECO "A47"]
[WhiteElo "1823"]
[BlackElo "1872"]
[PlyCount "84"]
[EventDate "2024.07.10"]
[EventType "team-tourn"]
[EventCountry "BAN"]
[SourceTitle "playchess.com"]
[Source "ChessBase"]
[SourceQuality "1"]
[TimeControl "5400+30"]

1. d4 Nf6 2. Nf3 e6 3. Bg5 Be7 4. e3 c5 5. c3 cxd4 6. exd4 b6 7. Bd3 Bb7 8. Nbd2 O-O 9. O-O d5 {[%emt 0:01:35] A47: 1 d4 Nf6 2 Nf3 b6: Torre, London and Colle Systems.} 10. Qe2 Nbd7 11. Rfe1 Re8 12. Rad1 a6 13. Ne5 Nxe5 14. dxe5 Nd7 15. Bxe7 Qxe7 16. Qh5 g6 17. Qh6 Qf8 18. Qf4 Rac8 19. Re3 Qg7 20. h4 ({Beter is} 20. Rde1 $18) 20... f6 21. Nf3 f5 22. h5 Nf8 23. h6 Qe7 24. g4 Kh8 25. Ng5 Rc7 26. Rg3 b5 27. Re1 $2 (27. gxf5 $18 gxf5 28. Bxf5) 27... Bc8 28. Nf3 fxg4 29. Ng5 Nd7 30. Nf7+ Kg8 31. Nd6 Rf8 32. Qxg4 Kh8 33. f4 Nc5 34. Bb1 Bb7 35. Kh2 Bc6 36. Kh3 (36. Rf1 $14) 36... Be8 (36... Nb7 {deserves consideration.}) 37. Reg1 Nb7 $15 38. Nxb7 Rxb7 39. a3 Rc7 40. Bd3 Bf7 41. Kh2 Kg8 42. Kh3 Be8 1/2-1/2

[Event "Elegant 1st Division League 2024"]
[Site "Dhaka"]
[Date "2024.07.15"]
[Round "5.19"]
[White "Asaduzzaman, Ahad"]
[Black "Salim Mohammed, Salim Al Amri"]
[Result "1/2-1/2"]
[Annotator "RC"]
[ECO "B11"]
[WhiteElo "1855"]
[BlackElo "1928"]
[PlyCount "74"]
[EventDate "2024.07.10"]
[EventType "team-tourn"]
[EventCountry "BAN"]
[SourceTitle "playchess.com"]
[Source "ChessBase"]
[SourceQuality "1"]
[TimeControl "5400+30"]

1. e4 c6 2. Nc3 e6 3. f4 d5 4. Nf3 g6 5. e5 b5 6. a3 Ne7 7. d4 Nf5 8. Be2 a6 9. O-O c5 10. Kh1 Qb6 11. dxc5 Bxc5 12. Bd3 Nc6 13. Bxf5 gxf5 14. Ng5 d4 15. Qh5 Nd8 16. Ne2 Bb7 17. Ng3 Qc6 18. Nf3 Qd7 19. Bd2 Nc6 20. Ng5 Nd8 21. b4 Be7 22. Rf2 Bxg5 23. Qxg5 Qe7 24. Qg7 Qf8 25. Qf6 h5 26. Ne2 h4 27. Kg1 Rh6 28. Qg5 Qh8 29. Ng3 hxg3 30. Qxg3 Nc6 31. a4 Ke7 32. Qg5+ Kd7 33. Qg3 Rg8 34. Qa3 Rxh2 35. Kf1 Qh5 36. Re2 Qh4 37. Rf2 Qg4 1/2-1/2

[Event "Elegant 1st Division League 2024"]
[Site "Dhaka"]
[Date "2024.07.15"]
[Round "5.20"]
[White "Islam, Obaidul Shahin"]
[Black "Shejal Sahil Sanjay"]
[Result "0-1"]
[Annotator "RC"]
[ECO "B27"]
[WhiteElo "1976"]
[BlackElo "1750"]
[PlyCount "38"]
[EventDate "2024.07.10"]
[EventType "team-tourn"]
[EventCountry "BAN"]
[SourceTitle "playchess.com"]
[Source "ChessBase"]
[SourceQuality "1"]
[TimeControl "5400+30"]

1. e4 g6 2. Nf3 Bg7 3. Nc3 c5 4. d4 Nc6 5. d5 Nd4 6. Be3 e5 7. Bd3 d6 8. Nd2 f5 9. exf5 gxf5 10. Qh5+ Kf8 11. Ne2 Nxe2 12. Bg5 Nf4 13. Bxf4 exf4 14. O-O Nf6 15. Qh3 Ne4 16. Rad1 Nxd2 17. Rxd2 Qg5 18. Re2 Qg4 19. Rfe1 Bd7 0-1

[Event "Elegant 1st Division League 2024"]
[Site "Dhaka"]
[Date "2024.07.15"]
[Round "5.21"]
[White "Miraj Uddin, Ahmed"]
[Black "Hossain, Monir"]
[Result "1/2-1/2"]
[Annotator "RC"]
[ECO "A45"]
[WhiteElo "1827"]
[BlackElo "1972"]
[PlyCount "53"]
[EventDate "2024.07.10"]
[EventType "team-tourn"]
[EventCountry "BAN"]
[SourceTitle "playchess.com"]
[Source "ChessBase"]
[SourceQuality "1"]
[TimeControl "5400+30"]

1. d4 Nf6 2. e3 g6 3. f4 Bg7 4. Nf3 O-O 5. Bd3 d6 6. O-O Nbd7 7. e4 c6 8. c3 Re8 9. e5 Nd5 10. Qe2 Nf8 11. a4 Ne6 12. g3 Nf8 13. Nbd2 Bg4 14. Be4 Nc7 15. Qf2 Bh3 16. Re1 d5 17. Bc2 Qc8 18. Ng5 Bf5 19. Nf1 Bxc2 20. Qxc2 Nce6 21. Nf3 Nc7 22. Ne3 f5 23. exf6 exf6 24. b3 Qd7 25. Ba3 Re4 26. Nd2 Ree8 27. Bc1 1/2-1/2

[Event "Elegant 1st Division League 2024"]
[Site "Dhaka"]
[Date "2024.07.15"]
[Round "5.22"]
[White "Hossain, Alamgir"]
[Black "Shatadru Shovan, Dey"]
[Result "1/2-1/2"]
[Annotator "RC"]
[ECO "C01"]
[WhiteElo "1974"]
[BlackElo "1879"]
[PlyCount "53"]
[EventDate "2024.07.10"]
[EventType "team-tourn"]
[EventCountry "BAN"]
[SourceTitle "playchess.com"]
[Source "ChessBase"]
[SourceQuality "1"]
[TimeControl "5400+30"]

1. e4 e6 2. d4 d5 3. exd5 exd5 4. Bd3 Bd6 5. h3 Nf6 6. Nf3 O-O 7. O-O c6 8. c3 Nbd7 9. Nbd2 Qc7 10. Re1 Re8 11. Rxe8+ Nxe8 12. Qc2 Nf8 13. Nf1 Bd7 14. Bd2 Nf6 15. Re1 Re8 16. Rxe8 Nxe8 17. Ne3 Qd8 18. Nf1 Qc7 19. Qd1 Nf6 20. Qc2 a5 21. Bg5 Nh5 22. Bf5 h6 23. Bxd7 Nxd7 24. Be3 Ndf6 25. N1d2 g5 26. Qf5 Qe7 27. Kf1 1/2-1/2

[Event "Elegant 1st Division League 2024"]
[Site "Dhaka"]
[Date "2024.07.15"]
[Round "5.23"]
[White "S M Sharon"]
[Black "Priyanshu Barua"]
[Result "1/2-1/2"]
[Annotator "RC"]
[ECO "D02"]
[WhiteElo "2047"]
[BlackElo "1987"]
[PlyCount "59"]
[EventDate "2024.07.10"]
[EventType "team-tourn"]
[EventCountry "BAN"]
[SourceTitle "playchess.com"]
[Source "ChessBase"]
[SourceQuality "1"]
[TimeControl "5400+30"]

1. Nf3 Nf6 2. d4 d5 3. Bf4 c5 4. c3 Nc6 5. e3 Qb6 6. Qb3 c4 7. Qxb6 axb6 8. Nbd2 Bf5 9. Be2 b5 10. O-O h6 11. a3 e6 12. Ne5 Ne4 13. Nxe4 Bxe4 14. Bf3 Bh7 15. Nxc6 bxc6 16. Rfe1 Kd7 17. e4 Be7 18. exd5 cxd5 19. Rad1 Ra6 20. Bh5 Bg5 21. Be3 Rf8 22. g3 Be7 23. h4 Bc2 24. Rc1 Bh7 25. Bd1 Rfa8 26. Bh5 Rf8 27. Bd1 Rfa8 28. Bh5 Rf8 29. Bd1 Rfa8 30. Bh5 1/2-1/2

[Event "Elegant 1st Division League 2024"]
[Site "Dhaka"]
[Date "2024.07.15"]
[Round "5.24"]
[White "Hossain, Delwar"]
[Black "Sacchu, Afzal Hossain"]
[Result "1/2-1/2"]
[Annotator "RC"]
[ECO "D45"]
[WhiteElo "1959"]
[BlackElo "1981"]
[PlyCount "52"]
[EventDate "2024.07.10"]
[EventType "team-tourn"]
[EventCountry "BAN"]
[SourceTitle "playchess.com"]
[Source "ChessBase"]
[SourceQuality "1"]
[TimeControl "5400+30"]

1. Nf3 Nf6 2. c4 e6 3. Nc3 d5 4. d4 c6 5. e3 Nbd7 6. Bd2 Bd6 7. c5 Bc7 8. b4 O-O 9. Be2 e5 10. dxe5 Nxe5 11. Nd4 Ne4 12. O-O Qf6 13. f4 Ng6 14. Nxe4 dxe4 15. Bc3 Qd8 16. Bc4 Ne7 17. Qh5 Nd5 18. Bxd5 Qxd5 19. Qxd5 cxd5 20. b5 Bd7 21. a4 Rfc8 22. Bb4 Bd8 23. Rfc1 Bf6 24. Ra2 Bxd4 25. exd4 a6 26. b6 f5 1/2-1/2

[Event "Elegant 1st Division League 2024"]
[Site "Dhaka"]
[Date "2024.07.16"]
[Round "6.1"]
[White "Hossain, Showkat Pollab"]
[Black "Hossain, Monir"]
[Result "1-0"]
[Annotator "RC"]
[ECO "C00"]
[WhiteElo "1990"]
[BlackElo "1972"]
[PlyCount "69"]
[EventDate "2024.07.10"]
[EventType "team-tourn"]
[EventCountry "BAN"]
[SourceTitle "playchess.com"]
[Source "ChessBase"]
[SourceQuality "1"]
[TimeControl "5400+30"]

1. e4 c5 2. Nf3 e6 3. d3 Nc6 4. g3 Nf6 5. Bg2 d5 6. Nbd2 Be7 7. O-O Qc7 8. Re1 b6 9. h4 h6 10. Nf1 Bb7 11. Qe2 dxe4 12. dxe4 O-O-O 13. a3 Kb8 14. c3 Nd7 15. Bf4 Bd6 16. Be3 Nde5 17. Nxe5 Nxe5 18. f4 Nc6 19. e5 Bf8 20. b4 cxb4 21. axb4 g5 22. fxg5 hxg5 23. Bxg5 Be7 24. Bf4 Rc8 25. Ra2 Rcg8 26. Ne3 Bxh4 27. gxh4 Rxh4 28. Qf2 Rxf4 29. Qxf4 Nxe5 30. Kf1 Qxc3 31. Bxb7 Kxb7 32. Qe4+ Kb8 33. Rd1 f5 34. Qf4 Qc7 35. Rc2 1-0

[Event "Elegant 1st Division League 2024"]
[Site "Dhaka"]
[Date "2024.07.16"]
[Round "6.2"]
[White "Hossain, Alamgir"]
[Black "Ahmed, Mahtabuddin"]
[Result "0-1"]
[Annotator "RC"]
[ECO "C53"]
[WhiteElo "1974"]
[BlackElo "1974"]
[PlyCount "108"]
[EventDate "2024.07.10"]
[EventType "team-tourn"]
[EventCountry "BAN"]
[SourceTitle "playchess.com"]
[Source "ChessBase"]
[SourceQuality "1"]
[TimeControl "5400+30"]

1. e4 e5 2. Nf3 Nc6 3. Bc4 Bc5 4. c3 Qe7 5. O-O d6 6. d4 Bb6 7. a4 a5 8. Be3 Ba7 9. Bb5 Bd7 10. dxe5 dxe5 11. Bxa7 Rxa7 12. Nbd2 Nb8 13. Qb3 Nf6 14. Rfe1 O-O 15. Bxd7 Nfxd7 16. Qb5 c6 17. Qc4 Nb6 18. Qe2 N8d7 19. Qe3 Raa8 20. b3 Rfd8 21. Qe2 f6 22. Nc4 Nxc4 23. Qxc4+ Qf7 24. Nd2 Qxc4 25. Nxc4 Nc5 26. Nxa5 Rxa5 27. b4 Rxa4 28. bxc5 Rc4 29. Ra5 Rxe4 30. Rb1 Rc4 31. g3 Rd7 32. Rb3 h5 33. Kf1 Kf7 34. Ra7 Rxc5 35. Raxb7 Rxb7 36. Rxb7+ Kg6 37. Rb3 e4 38. Ke2 Kf5 39. h4 Ke5 40. Ke3 Rd5 41. c4 Rd7 42. Ra3 c5 43. Rc3 Rd4 44. f3 exf3 45. Kxf3 Kf5 46. Ke2 Kg4 47. Ke1 f5 48. Ke2 f4 49. gxf4 Rxf4 50. Rc1 Kxh4 51. Rg1 g5 52. Rh1+ Kg4 53. Kd3 h4 54. Rg1+ Kh5 0-1

[Event "Elegant 1st Division League 2024"]
[Site "Dhaka"]
[Date "2024.07.16"]
[Round "6.3"]
[White "Shourya Paul"]
[Black "Priyanshu Barua"]
[Result "1-0"]
[Annotator "RC"]
[ECO "B35"]
[WhiteElo "1813"]
[BlackElo "1987"]
[PlyCount "71"]
[EventDate "2024.07.10"]
[EventType "team-tourn"]
[EventCountry "BAN"]
[SourceTitle "playchess.com"]
[Source "ChessBase"]
[SourceQuality "1"]
[TimeControl "5400+30"]

1. e4 c5 2. Nf3 Nc6 3. d4 cxd4 4. Nxd4 g6 5. Nc3 Bg7 6. Be3 Nf6 7. Bc4 O-O 8. Bb3 Ng4 9. Qxg4 Nxd4 10. Qd1 Nxb3 11. cxb3 d6 12. Qd2 Be6 13. O-O-O a5 14. Kb1 b5 15. Bd4 a4 16. Bxg7 Kxg7 17. Nxb5 axb3 18. a3 Ra4 19. Nc3 Rc4 20. h4 f6 21. f3 Qa5 22. g4 Rfc8 23. Rc1 R8c5 24. g5 d5 25. h5 d4 26. hxg6 Rxg5 27. Rxh7+ Kf8 28. Rh8+ Bg8 29. Qh2 Rxg6 30. Qb8+ Kf7 31. Qxb3 Kf8 32. Qxc4 dxc3 33. Qxc3 Qb6 34. Qc8+ Kf7 35. Qc4+ Kf8 36. Qd5 1-0

[Event "Elegant 1st Division League 2024"]
[Site "Dhaka"]
[Date "2024.07.16"]
[Round "6.4"]
[White "Hossain, Delwar"]
[Black "Shankhodip De"]
[Result "0-1"]
[Annotator "RC"]
[ECO "A05"]
[WhiteElo "1959"]
[BlackElo "1942"]
[PlyCount "40"]
[EventDate "2024.07.10"]
[EventType "team-tourn"]
[EventCountry "BAN"]
[SourceTitle "playchess.com"]
[Source "ChessBase"]
[SourceQuality "1"]
[TimeControl "5400+30"]

1. e4 c5 2. Nf3 d6 3. h3 Nf6 4. d3 g6 5. g3 Bg7 6. Bg2 O-O 7. O-O Nc6 8. c3 e5 9. c4 Ne8 10. Nc3 Nc7 11. a4 Ne6 12. Be3 f5 13. exf5 gxf5 14. Nd5 f4 15. Bd2 Ncd4 16. Nxd4 Nxd4 17. gxf4 Qh4 18. fxe5 Bxh3 19. f4 Bg4 20. Rf3 Nxf3+ 0-1

[Event "Elegant 1st Division League 2024"]
[Site "Dhaka"]
[Date "2024.07.16"]
[Round "6.5"]
[White "Choudhury, Zahid"]
[Black "Miraj Uddin, Ahmed"]
[Result "0-1"]
[Annotator "NA RC"]
[ECO "B15"]
[WhiteElo "1838"]
[BlackElo "1827"]
[PlyCount "75"]
[EventDate "2024.07.10"]
[EventType "team-tourn"]
[EventCountry "BAN"]
[SourceTitle "playchess.com"]
[Source "ChessBase"]
[SourceQuality "1"]
[TimeControl "5400+30"]

1. e4 e6 2. d4 d5 3. Nc3 c6 4. Nf3 f5 5. e5 Bb4 6. a3 {[%emt 0:01:20] B15: Caro-Kann: 3 Nc3: 3...g6 and 3...dxe4 4 Nxe4 Nf6 5 Nxf6+ exf6.} Ba5 7. b4 Bc7 8. Bd3 Ne7 9. h4 a5 10. b5 c5 11. dxc5 Nd7 12. Na4 Nxe5 13. Nxe5 Bxe5 14. Rb1 O-O 15. Qe2 Bc7 16. Bg5 e5 17. b6 Bb8 18. Bb5 Bd7 19. Nc3 Bc6 20. Bxc6 bxc6 21. Na4 Qd7 22. h5 h6 23. Bd2 d4 24. Qc4+ Kh7 25. c3 d3 26. Rh4 e4 27. Be3 (27. Kd1 $17 {ist eine bessere Verteidigung.}) 27... Nd5 28. Qd4 Qe7 29. Rh3 $19 f4 30. Bd2 Kh8 31. c4 Nf6 32. Qc3 Be5 33. Qc1 Ng4 34. Bc3 Rad8 35. Kf1 e3 36. Bxa5 Nxf2 37. Rf3 Qh4 38. Ra1 0-1